 Dungeon Crawl Stone Soup version 0.30.1-9-gdf580d7c3d (webtiles) character file.

Game seed: 1907021199446318759

9 Ivernyr the Shield-Bearer (level 2, -3/16 HPs)
             Began as a Vine Stalker Fighter on Sept 28, 2023.
             Slain by a hobgoblin (4 damage)
             ... on level 1 of the Dungeon.
             The game lasted 00:00:36 (517 turns).

Ivernyr the Shield-Bearer (Vine Stalker Fighter)     Turns: 517, Time: 00:00:37

Health: -3/16      AC:  6    Str: 18    XL:     2   Next: 12%
Magic:  0/3        EV:  9    Int:  8    God:
Gold:   44         SH:  4    Dex: 13    Spells: 1/1 levels left

rFire   . . .        a - +0 flail
rCold   . . .        c - +0 buckler
rNeg    . . .        b - +0 scale mail
rPois   .            (no helmet)
rElec   .            (no cloak)
rCorr   .            (no gloves)
SInv    .            (no boots)
Will    .....        (no amulet) Stlth
                     (no ring)
HPRegen 0.22/turn    (no ring)
MPRegen 0.08/turn

%: guardian spirit
@: no status effects
A: fangs 2, magic shield, antimagic bite, no potion heal 2
a: no special abilities


You were on level 1 of the Dungeon.
You visited 1 branch of the dungeon, and saw 1 of its levels.

You collected 44 gold pieces.

Inventory:

Hand Weapons
 a - a +0 flail (weapon)
Missiles
 g - a throwing net (quivered)
Armour
 b - a +0 scale mail (worn)
 c - a +0 buckler (worn)
Scrolls
 f - a scroll of poison {unknown}
 h - a scroll of enchant armour {unknown}
Potions
 d - a potion of might
 e - a potion of berserk rage {unknown}


   Skills:
 + Level 2.8 Fighting
 + Level 2.0 Maces & Flails
 + Level 2.5 Armour
 + Level 2.8 Shields


You had one spell level left.
You didn't know any spells.
Your spell library was empty.

Dungeon Overview and Level Annotations

Branches:
Dungeon (1/15)

Altars:


Innate Abilities, Weirdness & Mutations

You have extremely sharp teeth.
When hurt, damage is shared between your health and your magic reserves.
Your bite disrupts and absorbs the magic of your enemies.
Potions cannot restore your health.


Message History

The hobgoblin hits you. The hobgoblin hits you.
The hobgoblin barely misses you.
The hobgoblin hits you but does no damage.
The hobgoblin barely misses you. The hobgoblin closely misses you.
The hobgoblin hits you. The hobgoblin closely misses you.
The hobgoblin hits you but does no damage.
The hobgoblin hits you but does no damage.
The hobgoblin hits you but does no damage.
The hobgoblin hits you but does no damage.
The hobgoblin hits you but does no damage.
The hobgoblin hits you.
The hobgoblin hits you but does no damage.
You block the hobgoblin's attack. The hobgoblin barely misses you.
You block the hobgoblin's attack.
The hobgoblin hits you but does no damage.
The hobgoblin completely misses you.
The hobgoblin hits you but does no damage.
The hobgoblin hits you but does no damage.
The hobgoblin hits you. You block the hobgoblin's attack.
The hobgoblin hits you but does no damage.
The hobgoblin hits you.
* * * LOW HITPOINT WARNING * * *
The hobgoblin barely misses you. The hobgoblin closely misses you.
The hobgoblin hits you.
* * * LOW HITPOINT WARNING * * *
The hobgoblin barely misses you. You block the hobgoblin's attack.
The hobgoblin hits you but does no damage.
The hobgoblin barely misses you. The hobgoblin hits you.
* * * LOW HITPOINT WARNING * * *
You block the hobgoblin's attack. The hobgoblin hits you.
You die...

.#..###...####
##.##
..........#
##...##
##..####.##
#...#.#
..........#
##.#.##
....###..#.#
#..## .#.##
#.###.# #.##
.#.# .# #.#
#.# .#.#
#.##.#
.#[###.##
###@#
........# #g#
.#.###.#.# #.#
...# #.# ##.#
#.# #... ..#
##### ###


You could see a hobgoblin.

Vanquished Creatures
  An endoplasm (D:1)
  A goblin (D:1)
  A hobgoblin (D:1)
  A quokka (D:1)
  2 kobolds (D:1)
  3 rats (D:1)
9 creatures vanquished.

Notes
Turn   | Place    | Note
-------+----------+-------------------------------------------
     0 | D:1      | Ivernyr the Vine Stalker Fighter began the quest for the
                  | Orb.
     0 | D:1      | Reached XP level 1. HP: 11/11 MP: 2/2
   398 | D:1      | Reached XP level 2. HP: 16/16 MP: 3/3
   517 | D:1      | Slain by a hobgoblin

Illustrated notes

Levels and vault maps discovered:
D:1:      pf_arrival_petrified_forest, layout_loops_ring

Skill      XL: |  1  2 |
---------------+-------+-----
Maces & Flails | 2 |  2.0
Fighting       | |  2.8
Armour         | |  2.5
Shields        | |  2.8

Action                     || total
---------------------------++-------
  Melee: Flail             ||    23
         Bite              ||     4
 Armour: Scale mail        ||    33
  Dodge: Dodged            ||    50
  Block: Buckler           ||    18
